Map: Submarine LE

Players

ViBE

  • Race: Zerg Zerg
  • League: Platinum
  • Spawn Location: 11:00

Butters - Winner!

  • Race: Zerg Zerg
  • League: Platinum
  • Spawn Location: 5:00

VOD

Have the link to the VOD?

Description

Time

  • Played on: March 31, 2021, 12:34 a.m.
  • Length: 5:05
Show
View Real Time Build Order
Export as new Build Order

ViBE Zerg 

Build Orders: Hatch First 

Get SALT Encoding   

  12  0:00  Drone  
  13  0:13  Overlord  
  13  0:21  Drone  
  14  0:32  Drone x2  
  16  0:52  Hatchery  
  16  0:53  Drone  
  16  1:01  Drone  
  17  1:04  Drone  
  18  1:14  Spawning Pool  
  18  1:17  Drone  
  18  1:27  Drone  
  18  1:29  Drone  
  18  1:32  Extractor  
  19  1:47  Overlord  
  19  1:59  Drone  
  20  2:04  Queen x2  
  24  2:17  Drone x4  
  28  2:25  Drone  
  29  2:30  Drone  
  29  2:36  Drone  
  30  2:40  Drone  
  30  2:46  Queen  
  30  2:51  Drone x2  
  31  2:56  Queen  
  34  2:59  Drone x2  
  36  3:09  Overlord  
  36  3:22  Overlord x3  
  36  3:29  Drone x4  
  40  3:36  Zergling x4  
  29  3:45  Queen  
  29  3:46  Zergling x2  
  31  3:50  Zergling x2  
  30  4:17  Zergling x8  
  30  4:19  Spine Crawler  
  28  4:44  Drone  
  28  4:45  Drone x6  
Show
View Real Time Build Order
Export as new Build Order

Butters Zerg - Winner!

Build Orders: Pool First 

Get SALT Encoding   

  12  0:01  Drone  
  13  0:17  Overlord  
  13  0:18  Drone  
  14  0:35  Drone x2  
  16  0:44  Spawning Pool  
  16  0:45  Drone  
  16  0:49  Extractor  
  15  0:51  Drone  
  16  1:01  Drone  
  17  1:22  Hatchery  
  17  1:25  Drone  
  17  1:32  Queen  
  19  1:41  Zergling x4  
  19  1:45  Zergling x2  
  22  1:57  Metabolic Boost  
  22  2:01  Overlord  
  22  2:19  Queen  
  24  2:26  Drone  
  25  2:50  Zergling x4  
  25  2:51  Zergling x12  
  31  3:03  Drone  
  31  3:04  Drone  
  33  3:11  Drone  
  34  3:19  Drone  
  35  3:22  Overlord  
  33  3:45  Zergling x2  
  33  3:46  Zergling x14  
  41  3:51  Drone  
  42  4:02  Drone  
  43  4:03  Drone  
  44  4:13  Overlord x2  
  44  4:32  Drone  
  44  4:33  Drone x2  
  47  4:46  Extractor  
Tags
 
Add a new tag
Caveats
  • Supply blocks, unpowered buildings, or Contaminate may cause inaccurate times.
  • Supply counts are checked every 10 seconds.